 Dungeon Crawl Stone Soup version 0.28.0-47-ge53b351184 (webtiles) character file.

Game seed: 16326003597088460096

3730 RatsInWalls the Destroyer (level 10, -7/59 HPs)
             Began as a Kobold Conjurer on May 7, 2022.
             Was an Initiate of Sif Muna.
             Mangled by a white ugly thing (12 damage)
             ... on level 8 of the Dungeon.
             The game lasted 00:20:23 (10589 turns).

RatsInWalls the Destroyer (Kobold Conjurer)        Turns: 10589, Time: 00:20:24

Health: -7/59      AC:  7    Str:  4    XL:     10   Next: 36%
Magic:  10/21      EV: 17    Int: 31    God:    Sif Muna [......]
Gold:   403        SH:  0    Dex: 13    Spells: 14/24 levels left

rFire   . . .      SeeInvis .   c - +1 short sword (drain)
rCold   . . .      Faith    +   (no shield)
rNeg    . . .      Spirit   .   a - +0 robe
rPois   .          Reflect  .   n - +2 hat
rElec   .          Harm     .   (no cloak)
rCorr   .          Rampage  .   w - +0 pair of gloves
Will    .....                   u - +1 pair of boots {Fly}
Stlth   +++++.....              t - amulet of faith
HPRegen 0.19/turn               d - +6 ring of intelligence
MPRegen 0.17/turn               (no ring)

@: flying
A: small, no large weapons, nightstalker 3
a: Renounce Religion


You were on level 8 of the Dungeon.
You worshipped Sif Muna.
Sif Muna was noncommittal.
You visited 2 branches of the dungeon, and saw 9 of its levels.
You also visited: Sewer.

You collected 403 gold pieces.

Inventory:

Hand Weapons
 c - a +1 short sword of draining (weapon)
Missiles
 j - 6 boomerangs of dispersal
Armour
 a - a +0 robe (worn)
 n - a +2 hat (worn)
 u - a +1 pair of boots of flying (worn)
 w - a +0 pair of gloves (worn)
Magical Staves
 y - a staff of death
Jewellery
 d - a +6 ring of intelligence (left hand)
 t - an amulet of faith (around neck)
 A - a ring of ice
Wands
 s - a wand of flame (34)
 v - a wand of iceblast (6)
 B - a wand of polymorph (11)
Scrolls
 b - 2 scrolls of teleportation
 i - a scroll of enchant weapon {unknown}
 k - 2 scrolls of fear
 q - a scroll of fog {unknown}
 r - a scroll of magic mapping
 x - 2 scrolls of brand weapon {unknown}
 z - a scroll of holy word
 C - 2 scrolls of blinking {unknown}
Potions
 e - 2 potions of haste
 f - 2 potions of brilliance
 g - 3 potions of curing
 h - a potion of attraction
 m - a potion of mutation
 o - a potion of might
 p - 2 potions of resistance


   Skills:
 + Level 5.5 Fighting
 + Level 6.7 Dodging
 + Level 7.9 Stealth
 * Level 7.9 Spellcasting
 * Level 8.3 Conjurations
 + Level 3.1 Necromancy


You had 14 spell levels left.
You knew the following spells:

 Your Spells              Type           Power      Damage    Failure   Level
a - Magic Dart            Conj           100%       1d8       1%          1
b - Searing Ray           Conj           100%       2d8       1%          2
c - Dazzling Flash        Conj/Hex       76%        N/A       2%          3
d - Fulminant Prism       Conj/Hex       19%        3d11      8%          4

Your spell library contained the following spells:

 Spells                   Type           Power      Damage    Failure   Level
 Stone Arrow              Conj/Erth      76%        3d11      2%          3
 Apportation              Tloc           24%        N/A       4%          1
 Sandblast                Erth           24%        2d8       4%          1
 Passwall                 Tmut/Erth      10%        N/A       6%          2
 Iskenderun's Mystic Bla  Conj/Tloc      38%        2d9       8%          4
 Gell's Gravitas          Tloc           12%        N/A       12%         3
 Ozocubu's Armour         Ice            12%        N/A       12%         3
 Teleport Other           Tloc           12%        N/A       12%         3
 Alistair's Intoxication  Tmut/Pois      8%         N/A       75%         5
 Metabolic Englaciation   Hex/Ice        6%         N/A       75%         5
 Simulacrum               Ice/Necr       11%        N/A       97%         6
 Dispersal                Tloc           6%         N/A       99%         6


Dungeon Overview and Level Annotations

Branches:
Dungeon (8/15)             Temple (1/1) D:7           Sewer (visited)
   Lair: D:8-11

Altars:
Ashenzari
Dithmenos
Elyvilon
Fedhas
Gozag
Hepliaklqana
Kikubaaqudgha
Makhleb
Nemelex Xobeh
Okawaru
Qazlal
Ru
Sif Muna
Trog
Uskayaw
Vehumet
Wu Jian
Xom
Yredelemnul
Zin
The Shining One

Shops:
D:1 !   D:3 *

Annotations:
D:4 3 runed translucent doors, Cheops's ghost, amateur VSFi; GigaChad's ghost, amateur MiFi; Iusername's ghost, amateur MiFi; ShadowYui's ghost, amateur MiAK


Innate Abilities, Weirdness & Mutations

You are small and have problems with some larger weapons.
You are completely attuned to the shadows.


Message History

Confirm with . or Enter, or press ? or * to list all spells.
Aiming: Searing Ray (safe; 1% risk of failure)
Press: ? - help, Shift-Dir - straight line, f - white ugly thing
Aim: a white ugly thing (ally target, 83% to hit)
The searing ray hits the white ugly thing!
The white ugly thing is lightly wounded. (Press . to maintain the ray.)
Your fulminant prism explodes!
The blast of energy engulfs the white ugly thing!
The white ugly thing is moderately wounded.
You hear a shout!
The searing ray misses the white ugly thing.
The white ugly thing barely misses you.
The searing ray hits the white ugly thing.
The white ugly thing is moderately wounded.
The white ugly thing gores you! The white ugly thing freezes you!
The searing ray hits the white ugly thing!
The white ugly thing is heavily wounded.
You finish channelling your searing ray.
The white ugly thing misses you.
Casting: Searing Ray (safe; 1% risk of failure)
Confirm with . or Enter, or press ? or * to list all spells.
Aiming: Fulminant Prism (dangerous; 8% risk of failure)
Press: ? - help, Dir - move target, p - white ugly thing You conjure a prism of explosive energy!
A fulminant prism comes into view.
The white ugly thing gores you! The white ugly thing freezes you!!
* * * LOW HITPOINT WARNING * * *
Your fulminant prism crackles loudly.
You hear an explosion!
You hear a shout!
Found a flail.
You feel much better.
The white ugly thing gores you but does no damage.
The white ugly thing gores you. The white ugly thing freezes you!!
* * * LOW HITPOINT WARNING * * *
Unknown command.
You feel better. The white ugly thing gores you.
* * * LOW HITPOINT WARNING * * *
The white ugly thing freezes you!
You die...

#.####...######'
#.# ##.#####..(
#. #.###..... ).
#.##...... #.#
##...### #.#
#....... ##.##
#.......
##u..#.#
#)......
##.#@#..##
#......#
#.##.....)
#......#
##.#......
##...###
##...#.# #.)...#
##.##.# ##.)..#
#.# ###.). #*#
###' #.# #. #.#
#.


You could see a white ugly thing.

Vanquished Creatures
  A hornet (D:8)
  6 yaks (D:8)
  A steam dragon (D:6)
  An ice beast (D:8)
  An orc warrior (D:8)
  Pargi (Sewer)
  4 sky beasts
  A black bear (D:7)
  2 centaurs
  2 necrophages
  2 ogres
  A phantom (D:6)
  Blork the orc (D:5)
  4 bullfrogs
  4 howler monkeys
  2 bullfrog zombies
  A jelly (D:5)
  A gnoll shaman (D:7)
  3 orc priests
  3 hounds
  2 iguanas
  Terence (D:2)
  2 orc wizards (D:8)
  A killer bee zombie (D:6)
  A howler monkey zombie (D:5)
  9 adders
  4 gnolls (D:7)
  2 river rats (D:5)
  A shadow imp (D:8)
  3 white imps
  An ufetubus (D:4)
  2 adder skeletons
  3 worms
  2 dart slugs
  8 orcs
  2 bats (D:1)
  5 endoplasms
  3 giant cockroaches
  6 hobgoblins
  8 kobolds
  7 quokkas
  15 ball pythons
  12 frilled lizards
  6 goblins
  4 rats
152 creatures vanquished.

Vanquished Creatures (others)
  4 fulminant prisms (D:8)
  2 withered plants (D:4)
6 creatures vanquished.

Grand Total: 158 creatures vanquished

Notes
Turn   | Place    | Note
-------+----------+-------------------------------------------
     0 | D:1      | RatsInWalls the Kobold Conjurer began the quest for the
                  | Orb.
     0 | D:1      | Reached XP level 1. HP: 10/10 MP: 3/3
    90 | D:1      | Found Didiec's Distillery.
   228 | D:1      | Reached XP level 2. HP: 16/16 MP: 1/5
   857 | D:1      | Reached XP level 3. HP: 20/20 MP: 2/7
   930 | D:1      | Learned a level 2 spell: Searing Ray
  1562 | D:2      | Found a faded altar of an unknown god.
  1601 | D:2      | Reached skill level 1 in Fighting
  1772 | D:2      | Reached XP level 4. HP: 25/25 MP: 5/8
  1852 | D:2      | Noticed Terence
  1959 | D:2      | Killed Terence
  2560 | D:3      | Found Vyloaham's Assorted Antiques.
  2846 | D:3      | Reached XP level 5. HP: 29/29 MP: 7/10
  3292 | D:3      | Found an ornate altar of the Wu Jian Council.
  3296 | D:3      | Noticed a spectral centipede
  3296 | D:3      | Noticed a spectral black mamba
  3296 | D:3      | Noticed a spectral cane toad
  3499 | D:4      | Noticed a necrophage
  3509 | D:4      | Killed a necrophage
  3510 | D:4      | Reached XP level 6. HP: 23/35 MP: 0/12
  4180 | D:4      | Reached skill level 5 in Conjurations
  4252 | D:4      | Identified the +8 longbow "Jeocyck" {vorpal, rF- rN+++
                  | Str-5 SInv}
  4273 | D:4      | Found a runed translucent gate.
  4274 | D:4      | Found a runed translucent gate.
  4274 | D:4      | Noticed Iusername's ghost (amateur MiFi)
  4275 | D:4      | Found a runed translucent gate.
  4277 | D:4      | Noticed GigaChad's ghost (amateur MiFi)
  4310 | D:4      | Reached XP level 7. HP: 40/40 MP: 10/13
  4332 | D:4      | Noticed ShadowYui's ghost (amateur MiAK)
  4333 | D:4      | Noticed Cheops's ghost (amateur VSFi)
  4807 | D:5      | Entered Level 5 of the Dungeon
  4862 | D:5      | Found a glowing drain.
  4963 | Sewer    | Entered a sewer
  5135 | Sewer    | Noticed Pargi
  5142 | Sewer    | Killed Pargi
  5362 | D:5      | Reached skill level 5 in Stealth
  5362 | D:5      | Reached skill level 5 in Spellcasting
  5466 | D:5      | Found a basalt altar of Yredelemnul.
  5485 | D:5      | Found a bloodstained altar of Trog.
  5525 | D:5      | Reached XP level 8. HP: 46/46 MP: 3/15
  5732 | D:5      | Noticed Blork the orc
  5761 | D:5      | Killed Blork the orc
  6846 | D:6      | Reached skill level 6 in Conjurations
  6968 | D:6      | Reached skill level 5 in Dodging
  7436 | D:6      | Learned a level 3 spell: Dazzling Flash
  7502 | D:6      | Reached XP level 9. HP: 5/52 MP: 8/18
  7783 | D:6      | Found a sacrificial altar of Ru.
  7899 | D:6      | Found an opulent altar of Gozag.
  7899 | D:6      | Found a sparkling altar of Nemelex Xobeh.
  8037 | D:6      | Found a shadowy altar of Dithmenos.
  8044 | D:6      | Reached skill level 1 in Necromancy
  8218 | D:7      | Reached skill level 7 in Conjurations
  8737 | D:7      | Found a staircase to the Ecumenical Temple.
  8746 | Temple   | Entered the Ecumenical Temple
  8821 | Temple   | Became a worshipper of Sif Muna the Loreminder
  9137 | D:8      | Reached skill level 5 in Fighting
  9145 | D:8      | Reached XP level 10. HP: 37/59 MP: 0/21
  9812 | D:8      | Reached skill level 8 in Conjurations
  9840 | D:8      | Paralysed by a hornet for 3 turns
  9850 | D:8      | Noticed a white ugly thing
 10101 | D:8      | Learned a level 4 spell: Fulminant Prism
 10588 | D:8      | HP: 1/59 [white ugly thing (24)]
 10589 | D:8      | Mangled by a white ugly thing

Illustrated notes

Levels and vault maps discovered:
D:1:      dpeg_arrival_tiny_f, layout_loops_cross, serial_shops, shop_fountains,
          minmay_octomino_c4
D:2:      layout_loops_ring, ebering_ecumenical_altar_rust,
          kennysheep_generic_room_6, uniq_terence
D:3:      layout_basic, pdpol_wu_jian_five_deadly_venoms, serial_shops,
          nicolae_square_shop, kennysheep_minor_cross
D:4:      layout_gridville, gammafunk_ghost_cemetery
D:5:      layout_loops_corners, mainiacjoe_overflow_catwalk_spiral,
          portal_sewer_entry_a, amcnicky_mini_corridor_feature,
          nicolae_concentric_dashed_squares_wild, uniq_blork_the_orc
D:6:      layout_rooms, mainiacjoe_overflow_paths, grunt_dithmenos_shadows,
          grunt_temple_overflow_opulence
D:7:      layout_rooms, minmay_temple_entry_proselytizer,
          kennysheep_generic_room_9
D:8:      layout_loops_ring, chequers_serial_rivers_large_a, grunt_potential
Temple:   jpeg_temple_clearing

Skill      XL: |  1  2  3  4  5  6  7  8  9 10 |
---------------+-------------------------------+-----
Stealth        | 3 4 5 6 7 |  7.9
Fighting       | 1 2 3 4 5 |  5.5
Spellcasting   | 3 4 5 6 7 |  7.9
Dodging        | 3 4 5 6 |  6.7
Conjurations   | 5 6 7 8 |  8.3
Necromancy     | 2 3 |  3.1

Action                   |  1- 3 |  4- 6 |  7- 9 | 10-12 || total
-------------------------+-------+-------+-------+-------++-------
Melee: Short sword       |       |     2 |     3 |       ||     5
 Cast: Magic Dart        |    75 |    71 |   100 |    21 ||   267
       Searing Ray       |       |    10 |    34 |    16 ||    60
       Fulminant Prism   |       |       |       |     4 ||     4
       Dazzling Flash    |       |       |       |     2 ||     2
  Use: Scroll            |       |     8 |     7 |       ||    15
       Potion            |       |       |     1 |     2 ||     3
Armor: Robe              |     6 |     4 |     9 |     9 ||    28
Dodge: Dodged            |    14 |    34 |    67 |    31 ||   146
